| TOP OF THE 1ST |
|
Bakersfield Bears batting - Pitching for Stockton Mariners : RHP Gregorio Soto
|
|
Pitching: RHP Gregorio Soto
|
|
|
Batting: LHB Kevin Waller
|
0-0: Ball 1-0: Ground out 5-3 (Groundball, 56S, EV 89.4 MPH)
|
|
Batting: RHB Randy Kutcher
|
0-0: Called Strike 0-1: Called Strike 0-2: Ball 1-2: Ball 2-2: Foul Ball, location: 2F 2-2: Ground out 3-1 (Groundball, 34, EV 88.8 MPH)
|
|
Batting: LHB Jim Eppard
|
0-0: Called Strike 0-1: Foul Ball, location: 2F 0-2: Foul Ball, location: 2F 0-2: Ball 1-2: Foul Ball, location: 2F 1-2: Ball 2-2: Foul Ball, location: 2F 2-2: SINGLE (Groundball, 34D, EV 107.5 MPH)
|
|
Batting: RHB Steve Buechele
|
0-0: Foul Ball, location: 2F 0-1: Ball 1-1: DOUBLE (Line Drive, 7LS, EV 106.9 MPH) Jim Eppard to third
|
|
Batting: LHB Gregory DeLaune
|
0-0: Called Strike 0-1: Called Strike 0-2: Strikes out swinging
|
| Top of the 1st over - 0 runs, 2 hits, 0 errors, 2 left on base; Bakersfield 0 - Stockton 0 |
| BOTTOM OF THE 1ST |
|
Stockton Mariners batting - Pitching for Bakersfield Bears : RHP Pablo Gastelum
|
|
Pitching: RHP Pablo Gastelum
|
|
|
Batting: LHB Ricky Nelson
|
0-0: Swinging Strike 0-1: Swinging Strike 0-2: Ball 1-2: Ball 2-2: DOUBLE (Flyball, 78XD, EV 101.3 MPH)
|
|
Batting: LHB Harold Perkins
|
0-0: Called Strike 0-1: Ball 1-1: Ball 2-1: Ball 3-1: Fly out, F4 (Flyball, 4MD, EV 73.1 MPH)
|
|
Batting: SHB Eddie Tanner
|
0-0: Called Strike 0-1: Foul Ball, location: 2F 0-2: Ball 1-2: Foul Ball, location: 2F 1-2: Ball 2-2: Ball 3-2: Base on Balls
|
|
Batting: LHB David Cawthon
|
0-0: Grounds into double play, 6-4-3 (Groundball, 6, EV 83.8 MPH)
|
| Bottom of the 1st over - 0 runs, 1 hit, 0 errors, 1 left on base; Bakersfield 0 - Stockton 0 |
| TOP OF THE 2ND |
|
Bakersfield Bears batting - Pitching for Stockton Mariners : RHP Gregorio Soto
|
|
Batting: RHB James Oros
|
0-0: Ball 1-0: Called Strike 1-1: Foul Ball, location: 2F 1-2: Fly out, F8 (Flyball, 8RS, EV 83.1 MPH)
|
|
Batting: LHB Danny Hernandez
|
0-0: Ball 1-0: Fly out, F1 (Line Drive, P, EV 63.8 MPH)
|
|
Batting: RHB Preston Williams
|
0-0: Ball 1-0: Ball 2-0: Ball 3-0: Called Strike 3-1: Base on Balls
|
|
Batting: RHB Antonio Alicea
|
0-0: Called Strike 0-1: Called Strike 0-2: Strikes out swinging, 2-3 out at first.
|
| Top of the 2nd over - 0 runs, 0 hits, 0 errors, 1 left on base; Bakersfield 0 - Stockton 0 |
| BOTTOM OF THE 2ND |
|
Stockton Mariners batting - Pitching for Bakersfield Bears : RHP Pablo Gastelum
|
|
Batting: LHB Joe Perna
|
0-0: Foul Ball, location: 2F 0-1: Foul Ball, location: 2F 0-2: Ball 1-2: Strikes out swinging
|
|
Batting: LHB Marty Pevey
|
0-0: Ball 1-0: Ball 2-0: Ball 3-0: Base on Balls
|
|
Batting: RHB William Butler
|
0-0: Called Strike 0-1: Swinging Strike Marty Pevey steals 2nd base 0-2: Ground out 2-3 (Groundball, 15S, EV 70.6 MPH) Marty Pevey to third
|
|
Batting: LHB Victor Gavidia
|
0-0: Ground out U3 (Groundball, 3L, EV 103.1 MPH)
|
| Bottom of the 2nd over - 0 runs, 0 hits, 0 errors, 1 left on base; Bakersfield 0 - Stockton 0 |
| TOP OF THE 3RD |
|
Bakersfield Bears batting - Pitching for Stockton Mariners : RHP Gregorio Soto
|
|
Batting: LHB Kevin Waller
|
0-0: Foul Ball, location: 2F 0-1: Foul Ball, location: 2F 0-2: Ball 1-2: SINGLE (Groundball, 34D, EV 105.0 MPH)
|
|
Batting: RHB Randy Kutcher
|
0-0: Ball 1-0: Swinging Strike 1-1: Ball 2-1: Ball 3-1: Grounds into double play, 6-4-3 (Groundball, 6, EV 81.3 MPH)
|
|
Batting: LHB Jim Eppard
|
0-0: Fly out, F3 (Flyball, 3D, EV 86.9 MPH)
|
| Top of the 3rd over - 0 runs, 1 hit, 0 errors, 0 left on base; Bakersfield 0 - Stockton 0 |
| BOTTOM OF THE 3RD |
|
Stockton Mariners batting - Pitching for Bakersfield Bears : RHP Pablo Gastelum
|
|
Batting: RHB Brian Greer
|
0-0: Swinging Strike 0-1: Called Strike 0-2: Foul Ball, location: 2F 0-2: Ball 1-2: Ground out 4-3 (Groundball, 4, EV 108.1 MPH)
|
|
Batting: LHB Ricky Nelson
|
0-0: SINGLE (Flyball, 3D, EV 96.9 MPH)
|
|
Batting: LHB Harold Perkins
|
0-0: Ball 1-0: Swinging Strike 1-1: Fielders Choice at 2nd, 4-6 (Groundball, 4, EV 80.0 MPH)
|
|
Batting: SHB Eddie Tanner
|
0-0: Called Strike 0-1: Ball Harold Perkins steals 2nd, throwing error, E2 Harold Perkins to third 1-1: Called Strike 1-2: Ball 2-2: Foul Ball, location: 2F 2-2: Ball 3-2: DOUBLE (Line Drive, 78M, EV 100.6 MPH) Harold Perkins scores
|
|
Batting: LHB David Cawthon
|
0-0: Foul Ball, location: 2F 0-1: Ground out U3 (Groundball, 3L, EV 106.9 MPH)
|
| Bottom of the 3rd over - 1 run, 2 hits, 1 error, 1 left on base; Bakersfield 0 - Stockton 1 |
| TOP OF THE 4TH |
|
Bakersfield Bears batting - Pitching for Stockton Mariners : RHP Gregorio Soto
|
|
Batting: RHB Steve Buechele
|
0-0: Ball 1-0: Called Strike 1-1: Ball 2-1: Ground out 6-3 (Groundball, 6, EV 85.6 MPH)
|
|
Batting: LHB Gregory DeLaune
|
0-0: Ball 1-0: SINGLE (Groundball, 3D, EV 104.4 MPH)
|
|
Batting: RHB James Oros
|
0-0: Called Strike 0-1: Foul Ball, location: 2F 0-2: Ball 1-2: Ball 2-2: 2-RUN HOME RUN (Flyball, 78XD, EV 110.6 MPH), Distance : 438 ft
|
|
Batting: LHB Danny Hernandez
|
0-0: Called Strike 0-1: Ball 1-1: Ball 2-1: Swinging Strike 2-2: Ball 3-2: Foul Ball, location: 2F 3-2: Base on Balls
|
|
Batting: RHB Preston Williams
|
0-0: Ball 1-0: Swinging Strike 1-1: Fly out, F7 (Flyball, 7S, EV 81.9 MPH)
|
|
Batting: RHB Antonio Alicea
|
0-0: Ball 1-0: Ground out 1-3 (Groundball, 13S, EV 76.9 MPH)
|
| Top of the 4th over - 2 runs, 2 hits, 0 errors, 1 left on base; Bakersfield 2 - Stockton 1 |
| BOTTOM OF THE 4TH |
|
Stockton Mariners batting - Pitching for Bakersfield Bears : RHP Pablo Gastelum
|
|
Batting: LHB Joe Perna
|
0-0: Ball 1-0: Ball 2-0: Called Strike 2-1: Ball 3-1: Called Strike 3-2: SOLO HOME RUN (Flyball, 78XD, EV 88.8 MPH), Distance : 430 ft
|
|
Batting: LHB Marty Pevey
|
0-0: Ball 1-0: Ball 2-0: Foul Ball, location: 2F 2-1: Ball 3-1: Base on Balls
|
|
Batting: RHB William Butler
|
0-0: Foul Ball, location: 2F 0-1: Fielders Choice at 2nd, 2-4 (Groundball, 15S, EV 68.1 MPH)
|
|
Batting: LHB Victor Gavidia
|
0-0: Ball 1-0: Foul Ball, location: 2F 1-1: Foul Ball, location: 2F 1-2: Strikes out swinging
|
|
Batting: RHB Brian Greer
|
0-0: Called Strike 0-1: Ball 1-1: Ball 2-1: Fly out, F8 (Flyball, 78XD, EV 89.4 MPH)
|
| Bottom of the 4th over - 1 run, 1 hit, 0 errors, 1 left on base; Bakersfield 2 - Stockton 2 |
| TOP OF THE 5TH |
|
Bakersfield Bears batting - Pitching for Stockton Mariners : RHP Gregorio Soto
|
|
Batting: LHB Kevin Waller
|
0-0: Ball 1-0: Ball 2-0: Ball 3-0: Base on Balls
|
|
Batting: RHB Randy Kutcher
|
0-0: Fielders Choice at 2nd, 5-4 (Groundball, 56, EV 84.4 MPH)
|
|
Batting: LHB Jim Eppard
|
0-0: Called Strike Randy Kutcher steals 2nd base (no throw) 0-1: Called Strike 0-2: Ground out 5-3 (Groundball, 25, EV 86.9 MPH)
|
|
Batting: RHB Steve Buechele
|
0-0: DOUBLE (Groundball, 5L, EV 103.1 MPH) Randy Kutcher scores
|
|
Batting: LHB Gregory DeLaune
|
0-0: Called Strike 0-1: Ball 1-1: Ground out 1-3 (Groundball, 34S, EV 68.1 MPH)
|
| Top of the 5th over - 1 run, 1 hit, 0 errors, 1 left on base; Bakersfield 3 - Stockton 2 |
| BOTTOM OF THE 5TH |
|
Stockton Mariners batting - Pitching for Bakersfield Bears : RHP Pablo Gastelum
|
|
Batting: LHB Ricky Nelson
|
0-0: Swinging Strike 0-1: Ball 1-1: Ball 2-1: Swinging Strike 2-2: Ball 3-2: Foul Ball, location: 2F 3-2: Fly out, F8 (Line Drive, 8RD, EV 92.5 MPH)
|
|
Batting: LHB Harold Perkins
|
0-0: Called Strike 0-1: Ball 1-1: Ball 2-1: Swinging Strike 2-2: Foul Ball, location: 2F 2-2: Ball 3-2: Base on Balls
|
|
Batting: SHB Eddie Tanner
|
0-0: Called Strike Harold Perkins steals 2nd base 0-1: Foul Ball, location: 2F 0-2: Ball 1-2: Hit by Pitch
|
|
Batting: LHB David Cawthon
|
0-0: Ball 1-0: Ball 2-0: SINGLE (Line Drive, 9S, EV 101.3 MPH) Harold Perkins to third Eddie Tanner to second Runner from 3rd tries for Home, SAFE, throw by RF to home
|
|
Batting: LHB Joe Perna
|
0-0: Ball 1-0: Called Strike 1-1: Fielders Choice at 2nd, 2-4 (Groundball, 15S, EV 66.3 MPH) Eddie Tanner to third
|
|
Batting: LHB Marty Pevey
|
0-0: Ball 1-0: Ground out 4-3 (Groundball, 4, EV 85.6 MPH)
|
| Bottom of the 5th over - 1 run, 1 hit, 0 errors, 2 left on base; Bakersfield 3 - Stockton 3 |
| TOP OF THE 6TH |
|
Bakersfield Bears batting - Pitching for Stockton Mariners : RHP Gregorio Soto
|
|
Batting: RHB James Oros
|
0-0: Called Strike 0-1: Ball 1-1: SINGLE (Flyball, 7LS, EV 92.5 MPH)
|
|
Batting: LHB Danny Hernandez
|
0-0: Bunted foul 0-1: Bunt missed! 0-2: Foul Ball, location: 2F 0-2: Strikes out swinging
|
|
Batting: RHB Preston Williams
|
0-0: Called Strike 0-1: Ball 1-1: Swinging Strike 1-2: Ball 2-2: Strikes out swinging
|
|
Batting: RHB Antonio Alicea
|
0-0: Ball 1-0: Ball 2-0: Called Strike 2-1: Called Strike 2-2: Foul Ball, location: 2F 2-2: Ball 3-2: Ground out U3 (Groundball, 34S, EV 85.0 MPH)
|
| Top of the 6th over - 0 runs, 1 hit, 0 errors, 1 left on base; Bakersfield 3 - Stockton 3 |
| BOTTOM OF THE 6TH |
|
Stockton Mariners batting - Pitching for Bakersfield Bears : RHP Pablo Gastelum
|
|
Batting: RHB William Butler
|
0-0: Ball 1-0: DOUBLE (Line Drive, 7LS, EV 107.5 MPH)
|
|
Batting: LHB Victor Gavidia
|
0-0: Ball 1-0: Reached on error, E3 (Groundball, 23, EV 43.8 MPH) William Butler to third
|
|
Batting: RHB Brian Greer
|
0-0: Called Strike 0-1: Ball 1-1: Ball 2-1: Called Strike 2-2: Fly out, F6 (Flyball, 56D, EV 84.4 MPH)
|
|
Batting: LHB Ricky Nelson
|
0-0: Called Strike 0-1: Fielders Choice at 2nd, 4-6 (Groundball, 34, EV 86.3 MPH) William Butler scores
|
|
Batting: LHB Harold Perkins
|
0-0: Called Strike 0-1: Ball 1-1: Called Strike 1-2: Ball Ricky Nelson steals 2nd base 2-2: Foul Ball, location: 2F 2-2: Ball 3-2: Foul Ball, location: 2F 3-2: Ground out 6-3 (Groundball, 6, EV 114.4 MPH)
|
| Bottom of the 6th over - 1 run, 1 hit, 1 error, 1 left on base; Bakersfield 3 - Stockton 4 |
| TOP OF THE 7TH |
|
Bakersfield Bears batting - Pitching for Stockton Mariners : RHP Gregorio Soto
|
|
Batting: LHB Kevin Waller
|
0-0: Ground out U3 (Groundball, 34S, EV 88.8 MPH)
|
|
Batting: RHB Randy Kutcher
|
0-0: Foul Ball, location: 2F 0-1: Ground out 6-3 (Groundball, 6, EV 89.4 MPH)
|
|
Batting: LHB Jim Eppard
|
0-0: Ball 1-0: Called Strike 1-1: Foul Ball, location: 2F 1-2: Foul Ball, location: 2F 1-2: Ball 2-2: Ball 3-2: Foul Ball, location: 2F 3-2: Foul Ball, location: 2F 3-2: Ground out 6-3 (Groundball, 6, EV 89.4 MPH)
|
| Top of the 7th over - 0 runs, 0 hits, 0 errors, 0 left on base; Bakersfield 3 - Stockton 4 |
| BOTTOM OF THE 7TH |
|
Stockton Mariners batting - Pitching for Bakersfield Bears : RHP Pablo Gastelum
|
|
Batting: SHB Eddie Tanner
|
0-0: Ball 1-0: Ball 2-0: Foul Ball, location: 2F 2-1: Fly out, F8 (Flyball, 8LM, EV 91.3 MPH)
|
|
Batting: LHB David Cawthon
|
0-0: Foul Ball, location: 2F 0-1: Ball 1-1: Called Strike 1-2: Ground out U3 (Groundball, 34S, EV 83.1 MPH)
|
|
Batting: LHB Joe Perna
|
0-0: Called Strike 0-1: Swinging Strike 0-2: Foul Ball, location: 2F 0-2: Ball 1-2: Ball 2-2: Foul Ball, location: 2F 2-2: Fly out, F9 (Flyball, 9D, EV 85.6 MPH)
|
| Bottom of the 7th over - 0 runs, 0 hits, 0 errors, 0 left on base; Bakersfield 3 - Stockton 4 |
| TOP OF THE 8TH |
|
Bakersfield Bears batting - Pitching for Stockton Mariners : RHP Gregorio Soto
|
|
Batting: RHB Steve Buechele
|
0-0: SINGLE (Flyball, 78D, EV 97.5 MPH)
|
|
Batting: LHB Gregory DeLaune
|
0-0: Called Strike 0-1: Swinging Strike 0-2: Ball 1-2: Ball 2-2: Ball 3-2: Foul Ball, location: 2F 3-2: Fielders Choice at 2nd, 4-6 (Groundball, 4, EV 105.0 MPH)
|
|
Batting: RHB James Oros
|
0-0: Swinging Strike 0-1: Foul Ball, location: 2F 0-2: Ball 1-2: SINGLE (Flyball, 6MD, EV 93.8 MPH) Gregory DeLaune to second
|
|
Batting: LHB Danny Hernandez
|
0-0: Bunt missed! 0-1: Sac Bunt to P - play at first, batter OUT! 1-4 Gregory DeLaune to third James Oros to second
|
|
Batting: RHB Preston Williams
|
0-0: Called Strike 0-1: Ball 1-1: Called Strike 1-2: Strikes out swinging
|
| Top of the 8th over - 0 runs, 2 hits, 0 errors, 2 left on base; Bakersfield 3 - Stockton 4 |
| BOTTOM OF THE 8TH |
|
Stockton Mariners batting - Pitching for Bakersfield Bears : RHP Pablo Gastelum
|
|
Batting: LHB Marty Pevey
|
0-0: Ball 1-0: Foul Ball, location: 2F 1-1: Foul Ball, location: 2F 1-2: Ball 2-2: Fly out, F6 (Line Drive, 6, EV 68.8 MPH)
|
|
Pitching: RHP Heriberto Ovalle
|
|
|
Batting: RHB William Butler
|
0-0: Called Strike 0-1: Foul Ball, location: 2F 0-2: Foul Ball, location: 2F 0-2: Fly out, F9 (Flyball, 9S, EV 91.9 MPH)
|
|
Batting: LHB Victor Gavidia
|
0-0: Called Strike 0-1: Fly out, F8 (Flyball, 89S, EV 73.1 MPH)
|
| Bottom of the 8th over - 0 runs, 0 hits, 0 errors, 0 left on base; Bakersfield 3 - Stockton 4 |
| TOP OF THE 9TH |
|
Bakersfield Bears batting - Pitching for Stockton Mariners : RHP Gregorio Soto
|
|
Pitching: LHP Robert Alsup
|
|
|
Now at 2B: Paul Plinski
|
|
|
Batting: RHB Antonio Alicea
|
0-0: Foul Ball, location: 2F 0-1: Fly out, F3 (Popup, 3SF, EV 80.6 MPH)
|
|
Batting: LHB Kevin Waller
|
0-0: Called Strike 0-1: Ground out 6-3 (Groundball, 6, EV 107.5 MPH)
|
|
Batting: RHB Randy Kutcher
|
0-0: Called Strike 0-1: Ball 1-1: SINGLE (Line Drive, 4MD, EV 96.9 MPH)
|
|
Batting: LHB Jim Eppard
|
0-0: Called Strike 0-1: Foul Ball, location: 2F 0-2: Ball Wild Pitch! Randy Kutcher to second 1-2: Foul Ball, location: 2F 1-2: Ground out 4-3 (Groundball, 34, EV 90.6 MPH)
|
| Top of the 9th over - 0 runs, 1 hit, 0 errors, 1 left on base; Bakersfield 3 - Stockton 4 |
|